 Dungeon Crawl Stone Soup version 0.28-a0-1624-g820543e53a (webtiles) character file.

Game seed: 11062615884265949493

37 issech the Cudgeller (level 3, -3/36 HPs)
             Began as a Troll Monk on Jan 23, 2022.
             Slain by an adder (4 damage)
             ... on level 2 of the Dungeon.
             The game lasted 00:02:27 (1024 turns).

issech the Cudgeller (Troll Monk)                   Turns: 1024, Time: 00:02:28

Health: -3/36      AC:  4    Str: 19    XL:     3   Next: 21%
Magic:  2/2        EV: 10    Int:  6    God:
Gold:   79         SH:  0    Dex: 14    Spells: 2/2 levels left

rFire   . . .      SeeInvis .   a - +0 mace
rCold   . . .      Faith    .   (no shield)
rNeg    . . .      Spirit   .   b - +0 robe
rPois   .          Reflect  .   (helmet restricted)
rElec   .          Harm     .   (no cloak)
rCorr   .          Rampage  .   (gloves unavailable)
Will    .....                   (boots unavailable)
Stlth   ++........              (no amulet)
HPRegen 0.92/turn               (no ring)
MPRegen 0.08/turn               (no ring)

@: lethally poisoned (-3 -> -4)
A: large, unfitting armour, claws 3, regeneration 1, shaggy fur 1, tough skin 1
a: no special abilities


You were on level 2 of the Dungeon.
You visited 1 branch of the dungeon, and saw 2 of its levels.

You collected 79 gold pieces.

Inventory:

Hand Weapons
 a - a +0 mace (weapon)
Missiles
 c - 3 boomerangs (quivered)
 d - 24 stones
 h - 5 poisoned darts
Armour
 b - a +0 robe (worn)
Jewellery
 e - a +6 ring of dexterity
Scrolls
 f - a scroll of identify {unknown}
 g - a scroll of torment {unknown}


   Skills:
 + Level 2.9 Fighting
 + Level 3.2 Maces & Flails
 + Level 2.6 Dodging
 + Level 1.1 Stealth


You had 2 spell levels left.
You didn't know any spells.
Your spell library was empty.

Dungeon Overview and Level Annotations

Branches:
Dungeon (2/15)

Altars:


Innate Abilities, Weirdness & Mutations

You are too large for most types of armour.
You have claws for hands.
Your natural rate of healing is unusually fast.
You are covered in fur. (AC +1)
You have tough skin. (AC +1)


Message History

You hit the adder.
The adder is lightly wounded.
You feel sick. The adder bites you. The adder bites you but does no damage.
You hit the adder.
The adder is heavily wounded.
You feel sick. The adder barely misses you. x2
You closely miss the adder.
The adder is heavily wounded.
You feel sick.
You are no longer poisoned.
The adder bites you.
* * * LOW HITPOINT WARNING * * *
You are poisoned.
The adder poisons you!
You closely miss the adder.
The adder is heavily wounded.
You feel sick. The adder bites you but does no damage.
The adder barely misses you.
You barely miss the adder.
The adder is heavily wounded.
You feel sick. The adder bites you but does no damage.
You hit the adder.
The adder is severely wounded.
You feel sick. The adder barely misses you. The adder bites you.
* * * LOW HITPOINT WARNING * * *
You closely miss the adder.
The adder is severely wounded.
You feel sick. The adder bites you.
* * * LOW HITPOINT WARNING * * *
You are lethally poisoned!
The adder poisons you! The adder closely misses you.
* * * LOW HITPOINT WARNING * * *
You feel sick.
* * * LOW HITPOINT WARNING * * *
You feel sick.
* * * LOW HITPOINT WARNING * * *
You feel sick. The adder bites you but does no damage.
* * * LOW HITPOINT WARNING * * *
You feel sick. The adder bites you.
You die...

#......#..........#.#
#......####........#
#.......#
#†#..##......#
##....#.#
#)#.##.#(..#.#
#.#..#.# #†#.#(# ..##
#.#..#.# #.#.###..>..
#.#<...#
#.#......####
#.###### #S##.....#
###.#....# #.@.# ##
#...#.##.# ###.#
#.###..#.#####.#
#.###..#...)...#
#.#....#.#######
#.#.##.#.# #.#.######
#...# #####


You could see an adder.

Vanquished Creatures
  2 adders (D:2)
  2 endoplasms (D:2)
  A giant cockroach (D:2)
  A hobgoblin (D:1)
  3 jackals (D:1)
  A quokka (D:2)
  2 bats (D:1)
  4 frilled lizards
  2 kobolds (D:2)
  2 rats (D:1)
20 creatures vanquished.

Notes
Turn   | Place    | Note
-------+----------+-------------------------------------------
     0 | D:1      | issech the Troll Monk began the quest for the Orb.
     0 | D:1      | Reached XP level 1. HP: 22/22 MP: 0/0
   502 | D:1      | Reached skill level 3 in Maces & Flails
   502 | D:1      | Reached XP level 2. HP: 29/29 MP: 1/1
  1013 | D:2      | Reached XP level 3. HP: 13/36 MP: 2/2
  1021 | D:2      | HP: 1/36 [poisoned by an adder]
  1024 | D:2      | Slain by an adder

Illustrated notes

Levels and vault maps discovered:
D:1:      beargit_arrival_diablo_church, layout_basic
D:2:      minmay_diamond_boxcup, layout_basic,
          dreamdust_ecumenical_altar_drowned_temple, basic_altar,
          minmay_bisected

Skill      XL: |  1 |
---------------+----+-----
Maces & Flails | 3 |  3.2
Fighting       | |  2.9
Dodging        | |  2.6
Stealth        | |  1.1

Action                   || total
-------------------------++-------
Melee: Mace              ||    86
       Punch             ||     1
Throw: Boomerang         ||     3
Armor: Robe              ||    36
Dodge: Dodged            ||    58

Table legend: (Time is in decaauts)
 A = Elapsed time spent in this place.
 B = Non-inter-level travel time spent in this place.
 C = Inter-level travel time spent in this place.
 D = Time resting spent in this place.
 E = Time spent auto-exploring this place.
 F = Levels seen in this place.
 G = Mean time per level.
                   A        B        C        D        E       F      G
               +--------+--------+--------+--------+--------+-----+--------+
         Total |   1045 |    994 |     51 |     14 |    551 |   2 |  522.5 |
       Dungeon |   1045 |    994 |     51 |     14 |    551 |   2 |  522.5 |
               +--------+--------+--------+--------+--------+-----+--------+

Top non-repeatable levels by time:
     D:1: 838 daAuts
     D:2: 206 daAuts
